 Dungeon Crawl Stone Soup version 0.22.1-2-g9c5b331 (webtiles) character file.

2214 nightchill the Cleaver (level 9, 0/82 HPs)
             Began as a Minotaur Fighter on Nov 13, 2018.
             Was an Initiate of Makhleb.
             Slain by a crimson imp (4 damage)
             ... on level 5 of the Dungeon on Nov 14, 2018.
             The game lasted 00:18:10 (7009 turns).

nightchill the Cleaver (Minotaur Fighter)           Turns: 7009, Time: 00:18:11

Health: 0/82       AC:  0    Str: 21    XL:     9   Next: 13%
Magic:  10/10      EV:  7    Int:  8    God:    Makhleb [......]
Gold:   351        SH:  9    Dex: 10    Spells: 8/8 levels left

rFire    . . .     SeeInvis .   a - +1 war axe
rCold    . . .     Gourm    .   c - +0 shield
rNeg     . . .     Faith    .   b - +0 scale mail
rPois    +         Spirit   .   (helmet restricted)
rElec    .         Reflect  .   (no cloak)
rCorr    .         Harm     .   (no gloves)
MR       +....                  (no boots)
Stlth    ..........             l - amulet of rage
HPRegen  0.23/turn              u - ring of poison resistance
MPRegen  0.12/turn              k - ring of protection from magic

@: corroded
A: retaliatory headbutt, horns 2
a: Renounce Religion, Evoke Berserk Rage


You were on level 5 of the Dungeon.
You worshipped Makhleb.
Makhleb was noncommittal.
You were very hungry.

You visited 2 branches of the dungeon, and saw 8 of its levels.

You collected 351 gold pieces.

Inventory:

Hand Weapons
 a - a +1 war axe (weapon)
Missiles
 e - 208 stones (quivered)
Armour
 b - a +0 scale mail (worn)
 c - a +0 shield (worn)
 j - a +2 pair of gloves
Jewellery
 k - a ring of protection from magic (right hand)
 l - an amulet of rage (around neck)
 m - a +2 ring of dexterity {unknown}
 u - a ring of poison resistance (left hand)
Wands
 d - a wand of polymorph (8)
 i - a wand of iceblast (18)
 A - a wand of disintegration (9)
Scrolls
 g - 5 scrolls of teleportation
 h - a scroll of magic mapping
 n - 2 scrolls of remove curse
 o - a scroll of identify
 p - a scroll of immolation
 w - a scroll of fear
Potions
 q - 2 potions of invisibility
 r - a potion of mutation
 s - a potion of berserk rage
 t - a potion of heal wounds
 v - 2 potions of might
Comestibles
 f - 12 rations


   Skills:
 + Level 8.6 Fighting
 + Level 10.9 Axes
 + Level 3.9 Armour
 - Level 3.6 Shields
 + Level 1.0 Invocations
 + Level 3.8 Evocations


You had 8 spell levels left.
You didn't know any spells.
Your spell library contained the following spells:

 Spells                   Type           Power        Failure   Level  Hunger
 Confusing Touch          Hex            #.....       99%         1    ##.....
 Confuse                  Hex            #.......     100%        3    ####...
 Gell's Gravitas          Tloc           #.........   100%        3    ####...
 Petrify                  Tmut/Erth      #.......     100%        4    #####..
 Metabolic Englaciation   Hex/Ice        #.........   100%        5    ######.
 Yara's Violent Unravell  Hex/Tmut       #.........   100%        5    ######.


Dungeon Overview and Level Annotations

Branches:
Dungeon (7/15)             Temple (1/1) D:7

Altars:
Ashenzari
Cheibriados
Dithmenos
Fedhas
Gozag
Hepliaklqana
Kikubaaqudgha
Makhleb
Okawaru
Qazlal
Ru
Sif Muna
Trog
Uskayaw
Vehumet
Wu Jian
Xom
Yredelemnul
Zin
The Shining One


Innate Abilities, Weirdness & Mutations

You reflexively headbutt those who attack you in melee.
You have a pair of horns on your head.


Message History

A crimson imp comes into view.
The crimson imp shouts!
A centaur comes into view.
The centaur zaps a wand.
The bolt of acid hits you! The acid corrodes you!
You are splashed with acid!
The acid burns!
It is a wand of acid (9).
The centaur wields a shortbow.
The centaur shoots an arrow.
The arrow hits you! The crimson imp hits you.
You see here an arrow.
You hit the crimson imp but do no damage.
The centaur zaps a wand.
The bolt of acid hits you! The acid corrodes you!
You are splashed with acid!
The acid burns!
* * * LOW HITPOINT WARNING * * *
The crimson imp hits you.
* * * LOW HITPOINT WARNING * * *
You feel much better.
The centaur zaps a wand.
The bolt of acid hits you!
* * * LOW HITPOINT WARNING * * *
You are splashed with acid!
The acid burns!
* * * LOW HITPOINT WARNING * * *
The crimson imp hits you.
You die...

* *,**,*,*#.,....# ##' ****
*,##,*,*#.*#.#.# #. ,,,*
*,...,,*#.*#.#.## #. ,,,**
**#..####.##....#########.
,,,,*** *,.............#......#..
,,,,,,***,,*#..##..##....#**#....
,,,,,,,,,,***#....####...####.#..
,,,,,,,,,,** ##..## ##.#.##......
,,,,****,,,** #.@# *#.......#.##.
,,,** *,,,,**#.5#*#.....####.##.
,,,* *,,*,,.c......#.#.#**#.##.
**** *,,*..........#.#..,,..##.
**...###..###...###**####. *..**
#..# *#..* *,,,,.. *.** *#..#*
##,** *,***#.
*,****....****,,***,** *, ***
****,,**,,**,,**,,,,,,,,* *,


You could see a centaur and a crimson imp.

Vanquished Creatures
  Grinder (D:3)
  Menkaure (D:7)
  Duvessa (D:4)
  2 sky beasts
  An ice beast (D:2)
  A black bear (D:7)
  2 ogres (D:4)
  A centaur (D:5)
  A crocodile (D:7)
  A bullfrog (D:7)
  Dowan (D:4)
  A water moccasin skeleton (D:4)
  A wight (D:6)
  A howler monkey (D:7)
  5 hounds
  6 orc priests
  A bullfrog zombie (D:7)
  A gnoll shaman (D:7)
  2 orc wizards (D:4)
  A bullfrog skeleton (D:7)
  5 iguanas
  A worker ant (D:6)
  8 gnolls
  5 adders
  A shadow imp (D:7)
  An ooze (D:2)
  An adder skeleton (D:4)
  2 worms
  7 leopard geckos
  22 orcs
  A giant cockroach (D:3)
  5 goblins
  5 hobgoblins
  10 jackals
  5 kobolds
  5 quokkas
  A ball python (D:3)
  3 bats
  10 frilled lizards
  9 rats
139 creatures vanquished.

Vanquished Creatures (others)
  2 plants (D:7)
2 creatures vanquished.

Grand Total: 141 creatures vanquished

Notes
Turn   | Place    | Note
-------+----------+-------------------------------------------
     0 | D:1      | nightchill the Minotaur Fighter began the quest for the
                  | Orb.
     0 | D:1      | Reached XP level 1. HP: 19/19 MP: 0/0
   126 | D:1      | Reached skill level 3 in Axes
   332 | D:1      | Reached XP level 2. HP: 27/27 MP: 1/1
  1009 | D:2      | Noticed an ice beast
  1034 | D:2      | Killed an ice beast
  1034 | D:2      | Reached skill level 5 in Axes
  1034 | D:2      | Reached XP level 3. HP: 27/35 MP: 2/2
  1034 | D:2      | Reached XP level 4. HP: 31/41 MP: 3/3
  1472 | D:2      | Reached XP level 5. HP: 47/47 MP: 4/4
  1625 | D:2      | Found a glowing silver altar of Zin.
  1868 | D:3      | Reached skill level 5 in Fighting
  2035 | D:3      | Found a shadowy altar of Dithmenos.
  2038 | D:3      | Found a hazy altar of Hepliaklqana.
  2049 | D:3      | Found an opulent altar of Gozag.
  2057 | D:3      | Found a shimmering altar of Xom.
  2172 | D:3      | Noticed Grinder
  2175 | D:3      | Paralysed by Grinder for 6 turns
  2197 | D:3      | Paralysed by Grinder for 6 turns
  2205 | D:3      | Killed Grinder
  2205 | D:3      | Reached skill level 6 in Axes
  2205 | D:3      | Reached XP level 6. HP: 21/57 MP: 5/5
  2412 | D:3      | Reached skill level 7 in Axes
  2565 | D:3      | Found a snail-covered altar of Cheibriados.
  2926 | D:4      | Reached XP level 7. HP: 64/64 MP: 6/6
  2991 | D:4      | Found a basalt altar of Yredelemnul.
  3013 | D:4      | Reached skill level 8 in Axes
  3158 | D:4      | Found a glowing golden altar of the Shining One.
  3158 | D:4      | Found a stormy altar of Qazlal.
  3441 | D:4      | Noticed Dowan
  3442 | D:4      | Noticed Duvessa
  3468 | D:4      | Killed Dowan
  3468 | D:4      | Reached skill level 1 in Evocations
  3488 | D:4      | Killed Duvessa
  3488 | D:4      | Reached skill level 9 in Axes
  3758 | D:5      | Entered Level 5 of the Dungeon
  4074 | D:5      | Reached XP level 8. HP: 64/73 MP: 8/8
  4529 | D:6      | Found a hide-covered altar of Uskayaw.
  5231 | D:7      | Reached skill level 10 in Axes
  6186 | D:7      | Reached XP level 9. HP: 66/82 MP: 10/10
  6282 | D:7      | Found a staircase to the Ecumenical Temple.
  6292 | Temple   | Entered the Ecumenical Temple
  6352 | Temple   | Became a worshipper of Makhleb the Destroyer
  6585 | D:7      | Noticed Menkaure
  6592 | D:7      | Killed Menkaure
  6592 | D:7      | Reached skill level 1 in Invocations
  7009 | D:5      | HP: 4/82 [acid (11)]
  7009 | D:5      | Slain by a crimson imp

Skill      XL: |  1  2  3  4  5  6  7  8  9 |
---------------+----------------------------+-----
Axes           | 3 5 6 7 9 10 | 10.9
Fighting       | 4 5 6 7 8 |  8.6
Evocations     | 1 3 |  3.8
Invocations    | 1 |  1.0
Armour         | |  3.9
Shields        | |  3.6

Action                   |  1- 3 |  4- 6 |  7- 9 || total
-------------------------+-------+-------+-------++-------
Melee: War axe           |    49 |   104 |   210 ||   363
       Headbutt          |     3 |    18 |    34 ||    55
Throw: Stone             |       |       |     1 ||     1
 Abil: Evoke Berserk Rag |       |       |     2 ||     2
Evoke: Wand              |       |       |     2 ||     2
  Use: Potion            |     1 |       |     1 ||     2
       Scroll            |       |     7 |     9 ||    16
  Eat: Chunk             |       |     6 |    14 ||    20
Armor: Scale mail        |    26 |    29 |    39 ||    94
Dodge: Dodged            |     8 |    20 |    70 ||    98
Block: Shield            |    29 |    39 |    85 ||   153
